 Dungeon Crawl Stone Soup version 0.31.0-11-ge490571c62 (webtiles) character file.

Game seed: 16034163814005427730

32 sanka the Changeling (level 3, 0/26 HPs)
             Began as a Merfolk Shapeshifter on Feb 3, 2024.
             Slain by a ribbon worm (6 damage)
             ... on level 2 of the Dungeon.
             The game lasted 00:01:06 (1055 turns).

sanka the Changeling (Merfolk Shapeshifter)         Turns: 1055, Time: 00:01:06

Health: 0/26       AC:  2    Str: 14    XL:     3   Next: 25%
Magic:  3/3        EV: 12    Int:  9    God:
Gold:   103        SH:  0    Dex: 15    Spells: 2/2 levels left

rFire   . .          .
                       - Unarmed
rCold   . . .        (no shield)
rNeg    . . .        a - +0 animal skin
rPois   .            (helmet currently unavailable)
rElec   .            (cloak currently unavailable)
rCorr   .            (gloves currently unavailable)
SInv    .            (boots currently unavailable)
Will    .....        (no amulet)
Stlth   +            (no ring)
HPRegen 0.24/turn    (no ring)
MPRegen 0.08/turn

%: no passive effects
@: beast-form
A: beast (slay +3), (nimble swimmer 2), mertail
a: Begin Untransformation


You were on level 2 of the Dungeon.
You were a hulking beast.
You visited 1 branch of the dungeon, and saw 2 of its levels.

You collected 103 gold pieces.


Innate Abilities, Weirdness & Mutations

You are a hulking beast.
Your limbs bulge with bestial killing power. (Slay +3)
((You are very nimble when in or above water. (Stealth+, EV+, Speed+++)))
Your lower body shifts to a powerful aquatic tail in water.


   Skills:
 - Level 1.1 Fighting
 - Level 2.6 Dodging
 - Level 3.2 Unarmed Combat
 + Level 5.4 Shapeshifting


You had 2 spell levels left.
You didn't know any spells.
Your spell library was empty.

Inventory:

Armour
 a - a +0 animal skin (worn)
Talismans
 c - a beast talisman
 d - a flux talisman
Scrolls
 f - a scroll of vulnerability {unknown}
 g - a scroll of immolation {unknown}
 i - a scroll of enchant armour {unknown}
Potions
 b - a potion of lignification {!q}
 e - 2 potions of curing {unknown}
 h - a potion of invisibility {unknown}
 j - a potion of berserk rage {unknown}
 k - a potion of magic {unknown}
 l - a potion of brilliance {unknown}

Dungeon Overview and Level Annotations

Branches:
Dungeon (2/15)

Altars:

......▒ ▒▒..▒▒▒▒▒▒▒.▒..▒▒
....... ▒..▒ ▒..▒▒.▒...▒
.......▒▒▒▒ ▒▒.▒
▒▒.▒▒.▒.▒.. ......?...▒▒
▒.▒ ▒.▒▒...▒▒▒
......▒▒▒†.▒ ▒.▒
▒..▒▒..▒▒▒ ..... ▒▒.▒ ▒.▒
▒▒.▒▒..... ..▒▒ ▒.▒▒▒.▒
▒.▒▒...▒▒ ▒ ▒.w...▒
▒.▒▒..▒▒▒
...▒▒▒▒▒h▒..▒▒▒▒▒.....▒▒.
▒........................
▒▒.▒▒▒▒▒.▒▒..▒▒▒▒▒.▒▒..▒▒
▒.▒▒▒..▒▒▒▒..▒..▒
▒▒.......▒....▒▒.▒▒
▒.▒▒▒▒..▒▒▒▒....▒▒.▒..▒▒
▒.......▒▒▒▒...<▒▒....▒.
▒..▒▒▒▒.▒.......▒▒▒.....
▒. ▒..▒.......▒▒...▒..


You could see a ribbon worm.


Message History

The web tears apart.
You punch the ribbon worm!
The ribbon worm is heavily wounded.
The ribbon worm bites you!
You barely miss the ribbon worm.
The ribbon worm is heavily wounded.
The ribbon worm barely misses you.
You punch the ribbon worm!
The ribbon worm is severely wounded.
You completely miss the ribbon worm.
The ribbon worm is severely wounded.
The ribbon worm bites you!
* * * LOW HITPOINT WARNING * * *
You hit the ribbon worm.
The ribbon worm is severely wounded.
The ribbon worm expels a string of sticky webbing.
The stream of webbing hits you but does no damage.
You are caught in a web!
The web tears apart.
The ribbon worm bites you!
* * * LOW HITPOINT WARNING * * *
You hit the ribbon worm.
The ribbon worm is severely wounded.
The ribbon worm attacks as it pursues you!
The ribbon worm bites you but does no damage.
The ribbon worm attacks as it pursues you!
The ribbon worm barely misses you.
The ribbon worm attacks as it pursues you!
The ribbon worm bites you.
You die...

Action                     || total
---------------------------++-------
  Melee: Unarmed           ||    68
   Stab: Sleeping          ||     5
 Armour: Animal skin       ||    22
  Dodge: Dodged            ||    29

Levels and vault maps discovered:
D:1:      nzn_arrival_crosshair, layout_basic, nicolae_ecumenical_lake_church,
          serial_park_tiny_1
D:2:      layout_rooms

Notes
Turn   | Place    | Note
-------+----------+-------------------------------------------
     0 | D:1      | sanka the Merfolk Shapeshifter began the quest for the Orb.
     0 | D:1      | Reached XP level 1. HP: 15/15 MP: 1/1
    49 | D:1      | Reached XP level 2. HP: 21/21 MP: 2/2
   200 | D:1      | Reached skill level 5 in Shapeshifting
   209 | D:1      | Found a faded altar of an unknown god.
   544 | D:1      | Reached XP level 3. HP: 26/26 MP: 3/3
  1055 | D:2      | Slain by a ribbon worm

Vanquished Creatures
  A dart slug (D:1)
  3 bats
  4 endoplasms
  3 giant cockroaches (D:1)
  A goblin (D:1)
  3 hobgoblins (D:1)
  3 kobolds (D:1)
  A quokka (D:1)
  A ball python (D:2)
  3 frilled lizards (D:1)
  5 rats
28 creatures vanquished.
